 Dungeon Sprint DCSS version 0.24.0-123-gd5b16e6ec5 (webtiles) character file.

Game seed: 10163325544146017810, levelgen mode: deterministic

3474 McKennaii the Stormcaller (level 10, 0/75 HPs)
             Began as a Tengu Air Elementalist on Dec 18, 2019.
             Was a High Priest of Vehumet.
             Slain by a ghost moth (4 damage)
             ... called by a spriggan druid
             ... in the Dungeon (Sprint IV: "Fedhas' Mad Dash").
             The game lasted 00:11:26 (1681 turns).

McKennaii the Stormcaller (Tengu Air Elementalist)  Turns: 1681, Time: 00:11:28

Health: 0/75       AC: 25    Str:  8      XL:     10   Next: 6%
Magic:  0/24       EV:  2    Int: 18      God:    Vehumet [*****.]
Gold:   107        SH:  0    Dex: 14 (16) Spells: 16/28 levels left

rFire    . . .     SeeInvis .   d - +0 short sword
rCold    . . .     Gourm    .   (no shield)
rNeg     + + +     Faith    .   (armour currently unavailable)
rPois    +         Spirit   .   (helmet currently unavailable)
rElec    .         Reflect  .   (cloak currently unavailable)
rCorr    .         Harm     .   (gloves currently unavailable)
MR       .....     NoTele   +   (boots unavailable)
Stlth    +++.......             j - amulet of invisibility {+Inv}
HPRegen  0.22/turn              (no ring)
MPRegen  0.19/turn              (no ring)

@: tree-form, starving
A: able to fly
a: Fly, Renounce Religion, Evoke Invisibility


You were in the Dungeon.
You worshipped Vehumet.
Vehumet was extremely pleased with you.
You were starving.
You were a tree.
You visited 1 branch You collected 167 gold pieces.
You spent 60 gold pieces at shops.

Inventory:

Hand Weapons
 d - a +0 short sword (weapon)
Armour
 a - a +0 robe (melded)
Jewellery
 j - the amulet of invisibility (around neck) {+Inv}
   (You found it in the Dungeon)

   [amulet of nothing]

   It lets you turn invisible.
Wands
 k - a wand of clouds (3)
Scrolls
 i - a scroll of blinking
 l - a scroll of identify {unknown}
Potions
 b - a potion of flight {unknown}
 f - a potion of haste
 g - a potion of magic
 h - a potion of berserk rage
Miscellaneous
 n - a box of beasts


   Skills:
 + Level 2.3 Short Blades
 + Level 6.1 Dodging
 + Level 4.7 Stealth
 + Level 9.6 Spellcasting
 + Level 11.4 Conjurations
 * Level 20.4 Air Magic


You had 16 spell levels left.
You knew the following spells:

 Your Spells              Type           Power        Failure   Level  Hunger
a - Shock                 Conj/Air       ####         0%          1    None
b - Lightning Bolt        Conj/Air       ######....   1%          5    #####..
c - Bolt of Fire          Conj/Fire      ####......   30%         6    ######.

Your spell library contained the following spells:

 Spells                   Type           Power        Failure   Level  Hunger
 Airstrike                Air            ######....   0%          4    ###....
 Swiftness                Chrm/Air       #####...     1%          2    None
 Throw Flame              Conj/Fire      ####..       1%          2    None
 Conjure Flame            Conj/Fire      ####....     1%          3    None
 Static Discharge         Conj/Air       ######..     1%          3    None
 Sticky Flame             Conj/Fire      ####....     2%          4    ###....
 Bolt of Magma            Conj/Fire/Erth ###.......   13%         5    #####..
 Ozocubu's Armour         Chrm/Ice       #.......     26%         3    None
 Regeneration             Chrm/Necr      #.........   26%         3    None


Dungeon Overview and Level Annotations

Branches:
Dungeon (1/1)

Altars:
Cheibriados
Dithmenos
Elyvilon
Gozag
Hepliaklqana
Kikubaaqudgha
Makhleb
Nemelex Xobeh
Okawaru
Qazlal
Ru
Sif Muna
Trog
Uskayaw
Vehumet
Wu Jian
Xom
Yredelemnul
Zin
The Shining One
Beogh
Jiyva
Lugonu

Shops:
D %%!?


Innate Abilities, Weirdness & Mutations

((You have a beak for a mouth.))
((You have claws for feet.))
You can fly continuously.


Message History

You feel you are being watched by something.
Something hits you but does no damage. x2
Something stings you but does no damage.
The forest fire spreads!
You hit something but do no damage.
You feel you are being watched by something.
Something hits you but does no damage. x2
Something stings you but does no damage.
You hit something but do no damage.
Something hits you but does no damage. x2
Something stings you but does no damage.
You miss something.
Something hits you but does no damage. x2
Something stings you.
* * * LOW HITPOINT WARNING * * *
You barely miss something.
You feel you are being watched by something.
You feel your power leaking away.
Something hits you but does no damage. x2; Something stings you.
* * * LOW HITPOINT WARNING * * *
Something hits you but does no damage. x2; Something stings you.
You die...

..'.#(..'.._._._._._..'..#[..#...
..#.#...#..._._._._...#..###'##..
######†##.._._._._._..#..##∩∩.'..
..=.††..#._._._._._.⌠.###########
....#...###############
♣..######♣♣§.♣..♣(#
#####..'....§....♣#
.......#♣..♣♣♣§♣..#
.......#.♣♣.§§§{♣♣
##################


There were no monsters in sight!

Vanquished Creatures
  A spriggan druid (D)
  2 oklob plants (D)
  A queen bee (D)
  3 burning bushes (D)
  A hornet (D)
  3 wandering mushrooms (D)
  2 scorpions (D)
  4 killer bees (D)
  5 oklob saplings (D)
  A worker ant (D)
  2 spriggans (D)
  A river rat (D)
  A rat (D)
27 creatures vanquished.

Notes
Turn   | Place    | Note
-------+----------+-------------------------------------------
     0 | D        | McKennaii the Tengu Air Elementalist began the quest for
                  | the Orb.
     0 | D        | Reached XP level 1. HP: 10/10 MP: 4/4
    12 | D        | Reached skill level 5 in Air Magic
    12 | D        | Reached XP level 2. HP: 6/15 MP: 0/6
   182 | D        | Noticed an oklob sapling
   184 | D        | Killed an oklob sapling
   184 | D        | Reached skill level 7 in Air Magic
   184 | D        | Reached XP level 3. HP: 19/19 MP: 5/8
   212 | D        | Found the amulet of invisibility {+Inv}
   216 | D        | Reached skill level 9 in Air Magic
   216 | D        | Reached XP level 4. HP: 20/24 MP: 4/9
   258 | D        | Found an opulent altar of Gozag.
   258 | D        | Found a hazy altar of Hepliaklqana.
   258 | D        | Found a roughly hewn altar of Beogh.
   258 | D        | Found a snail-covered altar of Cheibriados.
   259 | D        | Found a viscous altar of Jiyva.
   259 | D        | Found a burning altar of Makhleb.
   259 | D        | Found a sparkling altar of Nemelex Xobeh.
   259 | D        | Found a sacrificial altar of Ru.
   259 | D        | Found a shimmering blue altar of Sif Muna.
   259 | D        | Found a bloodstained altar of Trog.
   259 | D        | Found an ornate altar of the Wu Jian Council.
   259 | D        | Found a shimmering altar of Xom.
   259 | D        | Found a basalt altar of Yredelemnul.
   259 | D        | Noticed an oklob sapling priest
   267 | D        | Killed an oklob sapling priest
   267 | D        | Reached skill level 10 in Air Magic
   267 | D        | Gained mutation: You can fly continuously. [Tengu growth]
   267 | D        | Reached XP level 5. HP: 28/28 MP: 1/11
   268 | D        | Found an iron altar of Okawaru.
   268 | D        | Found a shadowy altar of Dithmenos.
   268 | D        | Found a glowing silver altar of Zin.
   275 | D        | Learned a level 5 spell: Lightning Bolt
   275 | D        | Found an ancient bone altar of Kikubaaqudgha.
   275 | D        | Found a hide-covered altar of Uskayaw.
   276 | D        | Found a stormy altar of Qazlal.
   276 | D        | Found a white marble altar of Elyvilon.
   276 | D        | Found a glowing golden altar of the Shining One.
   277 | D        | Found a corrupted altar of Lugonu.
   277 | D        | Found a radiant altar of Vehumet.
   299 | D        | Became a worshipper of Vehumet
   347 | D        | Reached skill level 11 in Air Magic
   365 | D        | Reached * piety under Vehumet
   365 | D        | Offered knowledge of Freeze by Vehumet.
   365 | D        | Reached skill level 12 in Air Magic
   370 | D        | Reached XP level 6. HP: 12/32 MP: 5/13
   541 | D        | Found Tisauj's Food Shop.
   542 | D        | Found Upogaeri's Food Emporium.
   551 | D        | Noticed a burning bush
   551 | D        | Noticed a wandering mushroom
   559 | D        | Killed a wandering mushroom
   559 | D        | Reached skill level 5 in Spellcasting
   559 | D        | Reached skill level 5 in Conjurations
   559 | D        | Reached skill level 14 in Air Magic
   559 | D        | Reached XP level 7. HP: 27/36 MP: 9/15
   636 | D        | Killed a burning bush
   636 | D        | Reached ** piety under Vehumet
   636 | D        | Offered knowledge of Magic Dart by Vehumet.
   636 | D        | Reached skill level 5 in Dodging
   636 | D        | Reached skill level 15 in Air Magic
   648 | D        | Reached skill level 16 in Air Magic
   649 | D        | Noticed a wandering mushroom
   956 | D        | Killed a wandering mushroom
   956 | D        | Offered knowledge of Mephitic Cloud by Vehumet.
   956 | D        | Reached XP level 8. HP: 41/41 MP: 4/18
  1041 | D        | Found Ykeyhy's Magic Scroll Emporium.
  1041 | D        | Found Tihoyrch's Distillery.
  1051 | D        | Bought a potion of lignification for 30 gold pieces
  1053 | D        | Bought a scroll of remove curse for 30 gold pieces
  1115 | D        | Noticed a queen bee
  1128 | D        | Reached *** piety under Vehumet
  1128 | D        | Reached skill level 17 in Air Magic
  1128 | D        | Reached skill level 1 in Short Blades
  1128 | D        | Killed a queen bee
  1128 | D        | Offered knowledge of Ignite Poison by Vehumet.
  1142 | D        | Reached **** piety under Vehumet
  1200 | D        | Noticed an oklob plant
  1202 | D        | Killed an oklob plant
  1202 | D        | Reached skill level 18 in Air Magic
  1202 | D        | Reached XP level 9. HP: 45/45 MP: 9/21
  1276 | D        | Noticed a burning bush
  1280 | D        | Killed a burning bush
  1317 | D        | Noticed a wandering mushroom
  1317 | D        | Noticed a burning bush
  1317 | D        | Noticed an oklob plant
  1319 | D        | Killed a burning bush
  1319 | D        | Offered knowledge of Lee's Rapid Deconstruction by Vehumet.
  1319 | D        | Reached skill level 19 in Air Magic
  1325 | D        | Killed a wandering mushroom
  1325 | D        | Reached skill level 10 in Conjurations
  1502 | D        | Killed an oklob plant
  1502 | D        | Reached ***** piety under Vehumet
  1609 | D        | Offered knowledge of Bolt of Fire by Vehumet.
  1618 | D        | Learned a level 6 spell: Bolt of Fire
  1624 | D        | Identified the Collected Works on Fiery Protection
  1642 | D        | Noticed a spriggan druid
  1647 | D        | HP: 1/45 [spriggan druid/+0 quarterstaff (16)]
  1652 | D        | Killed a spriggan druid
  1652 | D        | Reached skill level 20 in Air Magic
  1652 | D        | Reached XP level 10. HP: 14/50 MP: 15/24
  1681 | D        | Slain by a ghost moth

Levels and vault maps discovered:
D:        dungeon_sprint_fedhas [sprint_temple]

Skill      XL: |  1  2  3  4  5  6  7  8  9 |
---------------+----------------------------+-----
Conjurations   | 2 3 4 5 6 9 11 | 11.4
Air Magic      | 5 7 9 10 12 14 16 18 20 | 20.4
Dodging        | 3 4 5 6 |  6.1
Spellcasting   | 3 4 5 6 7 9 |  9.6
Stealth        | 3 4 |  4.7
Short Blades   | 1 2 |  2.3

Action                   |  1- 3 |  4- 6 |  7- 9 | 10-12 || total
-------------------------+-------+-------+-------+-------++-------
Melee: Unarmed           |     4 |       |       |       ||     4
       Kick              |     1 |       |       |       ||     1
       Short sword       |       |       |     5 |     9 ||    14
 Cast: Shock             |     9 |    21 |    22 |       ||    52
       Lightning Bolt    |       |       |    24 |     2 ||    26
  Use: Potion            |       |     1 |     2 |     1 ||     4
       Scroll            |       |       |     1 |       ||     1
  Eat: Ration            |       |       |     2 |       ||     2
Armor: Skin              |       |       |       |    30 ||    30
Dodge: Dodged            |     4 |     3 |    17 |     2 ||    26
